 Dungeon Crawl Stone Soup version 0.32-a0-900-g30fb1b0edc (webtiles) character file.

Game seed: 17333851268472516473

207 runemasterragnar the Shooter (level 5, -6/61 HPs)
             Began as a Coglin Hunter on Apr 5, 2024.
             Was a Believer of Uskayaw.
             Mangled by an ogre
             ... wielding a +0 giant club
              (13 damage)
             ... on level 4 of the Dungeon.
             The game lasted 00:03:23 (2848 turns).

runemasterragnar the Shooter (Coglin Hunter)        Turns: 2848, Time: 00:03:24

Health: -6/61      AC:  3    Str: 10 (12) XL:     5   Next: 85%
Magic:  5/5        EV: 11    Int:  7 (8)  God:    Uskayaw [**....]
Gold:   114        SH:  0    Dex: 17 (19) Spells: 4/4 levels left

rFire   . . .        a - +2 sling {Choonhe}
rCold   . . .        d - +0 sling {María}
rNeg    . . .        c - +0 leather armour
rPois   .            (no helmet)
rElec   .            (no cloak)
rCorr   .            (no gloves)
SInv    .            (no boots)
Will    .....        (amulet unavailable) Stlth
                     (ring unavailable)
HPRegen 0.30/turn    (ring unavailable)
MPRegen 0.09/turn    (no gizmo)

%: no passive effects
@: berserking (expiring), revved, very quick
A: off-hand wielding, slow wielding, warmup strikes, no jewellery
a: Invent Gizmo, Renounce Religion, Stomp, Line Pass


You were on level 4 of the Dungeon.
You worshipped Uskayaw.
Uskayaw was noncommittal.
You visited 2 branches of the dungeon, and saw 5 of its levels.

You collected 154 gold pieces.
You spent 40 gold pieces at shops.

Inventory:

Hand Weapons
 a - a +2 sling (weapon) {Choonhe}
 d - a +0 sling (offhand) {María}
Missiles
 g - 2 throwing nets
Armour
 c - a +0 leather armour (worn)
Scrolls
 h - a scroll of teleportation
 j - a scroll of torment {unknown}
 k - a scroll of fog {unknown}
 l - a scroll of revelation {unknown}
 n - a scroll of vulnerability {unknown}
Potions
 e - a potion of brilliance
 i - a potion of curing
 o - a potion of invisibility {unknown}
 p - a potion of attraction
 q - a potion of heal wounds


   Skills:
 + Level 3.1 Fighting
 * Level 4.8 Ranged Weapons
 + Level 2.8 Dodging
 + Level 2.2 Stealth
 + Level 0.1 Invocations


You had 4 spell levels left.
You didn't know any spells.
Your spell library contained the following spells:

 Spells                   Type           Power      Damage    Failure   Level
 Magic Dart               Conj           0%         1d3       54%         1
 Searing Ray              Conj           0%         2d4       67%         2
 Hailstorm                Conj/Ice       0%         3d5       88%         3
 Summon Ice Beast         Ice/Summ       0%         N/A       88%         3
 Fulminant Prism          Conj/Alch      0%         3d5       99%         4
 Permafrost Eruption      Ice/Erth       0%         2x4d1     100%        6
 Sculpt Simulacrum        Ice/Alch       0%         N/A       100%        6


Dungeon Overview and Level Annotations

Branches:
Dungeon (4/15)             Temple (1/1) D:4

Altars:
Ashenzari
Cheibriados
Dithmenos
Fedhas
Gozag
Hepliaklqana
Kikubaaqudgha
Makhleb
Nemelex Xobeh
Okawaru
Qazlal
Sif Muna
Trog
Uskayaw
Vehumet
Wu Jian
Xom
Zin
The Shining One

Shops:
D:1 [?(

Annotations:
D:4 1 runed translucent door, Blork the orc; redmage's ghost, amateur CoGl


Innate Abilities, Weirdness & Mutations

You can wield a second weapon in your off-hand.
It takes a long time for you to wield or remove held weapons.
Your first few attacks do less damage.
You cannot equip rings or amulets.


Message History

Okay, then.
You feel better.
The ogre shouts!
The adder misses you.
It was a potion of degeneration.
There was something very wrong with that liquid.
You feel weakened.
You feel dopey.
You feel clumsy. The adder bites you.
It was a potion of berserk rage.
A red film seems to cover your vision as you go berserk!
You feel yourself moving faster!
You feel mighty! The adder barely misses you.
You miss the adder with your +0 sling.
You clumsily bash the adder with your +2 sling.
The adder closely misses you. x2
You can now stomp with the beat.
You hit the adder with your +2 sling!
You kill the adder!
You clumsily bash the scorpion with your +2 sling.
The scorpion is moderately wounded.
You barely miss the scorpion with your +0 sling.
The scorpion barely misses you.
You can now pass through a line of other dancers.
You clumsily bash the scorpion with your +2 sling.
The scorpion is heavily wounded.
You clumsily bash the scorpion with your +0 sling.
The scorpion stings you! The scorpion completely misses you.
You barely miss the ogre with your +2 sling.
You clumsily bash the ogre with your +0 sling.
The ogre hits you with a +0 giant club!!
* * * LOW HITPOINT WARNING * * *
The scorpion stings you.
* * * LOW HITPOINT WARNING * * *
You clumsily bash the ogre with your +0 sling.
The ogre is heavily wounded.
You clumsily bash the ogre with your +2 sling.
The scorpion stings you.
* * * LOW HITPOINT WARNING * * *
The ogre hits you with a +0 giant club!
You die...
Your body falls in perfect tune with the rhythm.

# #.#.# #.# #
#...... ... #.
#.#.#.# #.# ...
.........
...##.#.#.#.#.#
.....o)........
#o#.# #s## #@#
#O# #.### #...#
#.#.# #.#.#
#.#.#
######.#.#
.......#.#


You could see an ogre, a scorpion and 2 orcs.

Vanquished Creatures
  Natasha (thrice) (D:2)
  7 adders
  A ribbon worm (D:2)
  9 dart slugs
  5 orcs (D:4)
  An endoplasm (D:2)
  2 giant cockroaches
  4 goblins
  2 hobgoblins
  5 kobolds
  2 quokkas (D:2)
  5 ball pythons
  2 bats
  3 frilled lizards
  3 rats
54 creatures vanquished.

Notes
Turn   | Place    | Note
-------+----------+-------------------------------------------
     0 | D:1      | runemasterragnar the Coglin Hunter began the quest for the
                  | Orb.
     0 | D:1      | Reached XP level 1. HP: 16/16 MP: 1/1
   107 | D:1      | Reached skill level 1 in Stealth
   165 | D:1      | Reached XP level 2. HP: 22/22 MP: 2/2
   168 | D:1      | Found Ofijoeh's Armour Boutique.
   343 | D:1      | Found Alusacit's Magic Scroll Boutique.
   365 | D:1      | Bought a scroll of identify for 20 gold pieces
   365 | D:1      | Bought a scroll of identify for 20 gold pieces
   420 | D:1      | Found Cuvvakl Wizi's Antique Weapon Shop.
   578 | D:2      | Reached skill level 4 in Ranged Weapons
   578 | D:2      | Reached XP level 3. HP: 27/27 MP: 3/3
   772 | D:2      | Noticed Natasha
   780 | D:2      | HP: 1/28 [cerulean imp/+2 spear[Natasha] (2)]
   781 | D:2      | Killed Natasha
   782 | D:2      | Reached XP level 4. HP: 1/34 MP: 4/4
   785 | D:2      | Noticed Natasha
   941 | D:2      | Killed Natasha
  1001 | D:2      | Noticed Natasha
  1005 | D:2      | Killed Natasha
  1006 | D:2      | Reached XP level 5. HP: 40/40 MP: 5/5
  2348 | D:4      | Found a staircase to the Ecumenical Temple.
  2354 | Temple   | Entered the Ecumenical Temple
  2363 | Temple   | Became a worshipper of Uskayaw the Reveller
  2476 | D:4      | Found a shimmering blue altar of Sif Muna.
  2509 | D:4      | Found a runed translucent door.
  2513 | D:4      | Noticed redmage's ghost (amateur CoGl)
  2523 | D:4      | Noticed Blork the orc
  2731 | D:4      | Reached * piety under Uskayaw
  2787 | D:4      | Noticed an ogre
  2845 | D:4      | Reached ** piety under Uskayaw
  2848 | D:4      | Mangled by an ogre

Illustrated notes

Levels and vault maps discovered:
D:1:      ncdulo_watergridlock, layout_basic, serial_shops, shop,
          nicolae_shop_tiny_glass, nicolae_shop_behind_doors
D:2:      layout_loops_ring, kennysheep_generic_room_3, uniq_natasha
D:3:      layout_basic, roderic_roman_lattice, ebering_dispersal_statue_hall
D:4:      kennysheep_slugbush, layout_loops_ring, hellmonk_sif_muna_bookshelves,
          minmay_temple_entry_fiery, ebering_ghost_sewer_d, st_stairs_10,
          nicolae_titane, uniq_grinder, uniq_pikel, uniq_blork_the_orc
Temple:   mainiacjoe_temple_coin_purse

Skill      XL: |  1  2  3  4  5 |
---------------+----------------+-----
Stealth        | 1 2 |  2.2
Dodging        | 2 |  2.8
Ranged Weapons | 4 |  4.8
Fighting       | 3 |  3.1
Invocations    | |  0.1

Action                     |  1- 3 |  4- 6 || total
---------------------------+-------+-------++-------
  Melee: Sling             |       |    11 ||    11
   Fire: Sling             |    92 |   176 ||   268
 Invoke: Stomp             |       |     1 ||     1
    Use: Scroll            |     2 |     3 ||     5
         Potion            |       |     5 ||     5
 Armour: Leather armour    |    12 |    25 ||    37
  Dodge: Dodged            |     9 |    24 ||    33

Table legend: (Time is in decaauts)
 A = Elapsed time spent in this place.
 B = Non-inter-level travel time spent in this place.
 C = Inter-level travel time spent in this place.
 D = Time resting spent in this place.
 E = Time spent auto-exploring this place.
 F = Levels seen in this place.
 G = Mean time per level.
                   A        B        C        D        E       F      G
               +--------+--------+--------+--------+--------+-----+--------+
         Total |   2890 |   2803 |     87 |    390 |   2062 |   5 |  578.0 |
       Dungeon |   2870 |   2791 |     79 |    390 |   2062 |   4 |  717.5 |
        Temple |     19 |     11 |      8 |      0 |      0 |   1 |   19.0 |
               +--------+--------+--------+--------+--------+-----+--------+

Top non-repeatable levels by time:
     D:2: 885 daAuts
     D:3: 882 daAuts
     D:1: 552 daAuts
     D:4: 550 daAuts
  Temple: 19 daAuts
